 Dungeon Crawl Stone Soup version 0.29-a0-334-gb41bcbb86e (webtiles) character file.

Game seed: 1370977643657687261

77899 Lekart the Blocker (level 15, -6/100 HPs)
             Began as a Grey Draconian Abyssal Knight on Jan 30, 2022.
             Was an Elder of Lugonu.
             Mangled by a lorocyproca (20 damage)
             ... on level 3 of the Abyss on Apr 15, 2022.
             The game lasted 01:21:56 (34792 turns).

Lekart the Blocker (Grey Draconian Abyssal Knight) Turns: 34792, Time: 01:21:57

Health: -6/100     AC: 17    Str: 10      XL:     15   Next: 16%
Magic:  0/34       EV: 20    Int: 10 (16) God:    Lugonu [****..]
Gold:   2016       SH: 23    Dex: 20      Spells: 23/27 levels left

rFire   + . .      SeeInvis .   D - +6 demon whip (vamp)
rCold   + . .      Faith    .   P - +4 tower shield
rNeg    + . .      Spirit   +   (body armour unavailable)
rPois   +          Reflect  .   (helmet restricted)
rElec   .          Harm     .   m - +0 cloak
rCorr   +          Rampage  .   e - +0 pair of gloves
Will    +....      Clarity  +   g - +0 pair of boots
Stlth   ++........              E - amulet of guardian spirit
HPRegen 0.26/turn               L - ring "Ixzo" {rF+ rC+ rN+ rCorr Int+4}
MPRegen 0.24/turn               w - ring "Roishrucu" {rPois MP+9 EV+4 Str-5 Dex+2}

@: mighty, unable to read
A: AC +14, amphibious, unfitting armour, cold-blooded, stinger 1, clarity,
[berserk 2], [deterioration 2], [frail 2], [inability to read while threatened]
a: Renounce Religion, Depart the Abyss, Bend Space, Banish, Corrupt


You were on level 3 of the Abyss.
You worshipped Lugonu.
Lugonu was greatly pleased with you.
You visited 5 branches of the dungeon, and saw 24 of its levels.
You visited the Abyss 3 times.
You also visited: Sewer.

You collected 2957 gold pieces.
You spent 941 gold pieces at shops.

Inventory:

Hand Weapons
 a - a +2 vorpal falchion
 u - a +2 whip of electrocution
 v - a +0 falchion of flaming
 D - a +6 vampiric demon whip (weapon)
Missiles
 i - 10 javelins (quivered)
Armour
 e - a +0 pair of gloves (worn)
 g - a +0 pair of boots (worn)
 m - a +0 cloak (worn)
 P - a +4 tower shield (worn)
Jewellery
 j - a ring of resist corrosion
 k - a +6 ring of dexterity
 p - a ring of poison resistance
 w - the ring "Roishrucu" (right hand) {rPois MP+9 EV+4 Str-5 Dex+2}
   (You found it on level 13 of the Dungeon)

   [ring of evasion]

   EV:        It affects your evasion (+4).
   Str:       It affects your strength (-5).
   Dex:       It affects your dexterity (+2).
   rPois:     It protects you from poison.
   MP:        It affects your magic capacity (+9).
 y - a ring of flight
 E - an amulet of guardian spirit (around neck)
 L - the ring "Ixzo" (left hand) {rF+ rC+ rN+ rCorr Int+4}
   (You found it on level 2 of the Lair of Beasts)

   [ring of protection from fire]

   Int:       It affects your intelligence (+4).
   rF:        It protects you from fire.
   rC:        It protects you from cold.
   rN:        It protects you from negative energy.
   rCorr:     It protects you from acid and corrosion.
Wands
 h - a wand of charming (4)
 l - a wand of iceblast (8)
 N - a wand of digging (3)
Scrolls
 d - 3 scrolls of amnesia
 f - 14 scrolls of identify
 z - 3 scrolls of fog
 A - a scroll of teleportation
 B - a scroll of enchant armour
 I - a scroll of silence
Potions
 b - 4 potions of attraction
 q - 12 potions of curing
 r - 4 potions of brilliance
 s - 4 potions of haste
 x - 4 potions of flight
 C - 2 potions of magic
 M - 2 potions of cancellation
 O - 2 potions of ambrosia
Miscellaneous
 c - a piece from Xom's chessboard (inert)
 n - a phantom mirror
 o - a tin of tremorstones (1/2)


   Skills:
 + Level 9.8 Fighting
 + Level 8.8 Long Blades
 + Level 10.6 Maces & Flails
 + Level 0.3 Throwing
 + Level 9.2 Dodging
 + Level 13.1 Shields
 + Level 6.7 Spellcasting
 + Level 7.4 Transmutations
 * Level 12.7 Invocations
 + Level 2.9 Evocations


You had 23 spell levels left.
You knew the following spells:

 Your Spells              Type           Power      Damage    Failure   Level
a - Wereblood             Tmut           18%        N/A       6%          2
b - Passwall              Tmut/Erth      8%         N/A       28%         2

Your spell library contained the following spells:

 Spells                   Type           Power      Damage    Failure   Level
 Beastly Appendage        Tmut           36%        N/A       4%          1
 Spider Form              Tmut/Pois      10%        N/A       50%         3
 Animate Skeleton         Necr           6%         N/A       63%         1
 Pain                     Necr           12%        1d4       63%         1
 Sandblast                Erth           6%         2d5       63%         1
 Shock                    Conj/Air       12%        1d3       63%         1
 Slow                     Hex            12%        N/A       63%         1
 Ignite Poison            Fire/Tmut/Pois 8%         N/A       67%         3
 Blade Hands              Tmut           9%         N/A       73%         5
 Blink                    Tloc           6%         N/A       77%         2
 Ensorcelled Hibernation  Hex/Ice        6%         N/A       77%         2
 Ice Form                 Ice/Tmut       10%        N/A       88%         4
 Confusing Touch          Hex            3%         N/A       94%         3
 Dazzling Flash           Conj/Hex       6%         N/A       94%         3
 Gell's Gravitas          Tloc           3%         N/A       94%         3
 Lesser Beckoning         Tloc           3%         N/A       94%         3
 Mephitic Cloud           Conj/Pois/Air  3%         N/A       94%         3
 Ozocubu's Armour         Ice            3%         N/A       94%         3
 Portal Projectile        Hex/Tloc       6%         N/A       94%         3
 Stone Arrow              Conj/Erth      6%         3d7       94%         3
 Swiftness                Air            3%         N/A       94%         3
 Teleport Other           Tloc           3%         N/A       94%         3
 Tukima's Dance           Hex            3%         N/A       94%         3
 Vampiric Draining        Necr           3%         2d6       94%         3
 Airstrike                Air            1%         N/A       100%        4
 Anguish                  Hex/Necr       1%         N/A       100%        4
 Cause Fear               Hex            1%         N/A       100%        4
 Flame Wave               Conj/Fire      3%         2d4       100%        4
 Fulminant Prism          Conj/Hex       1%         3d6       100%        4
 Iskenderun's Mystic Bla  Conj/Tloc      3%         2d3       100%        4
 Leda's Liquefaction      Hex/Erth       1%         N/A       100%        4
 Excruciating Wounds      Necr           1%         N/A       100%        5
 Freezing Cloud           Conj/Ice/Air   1%         6-21      100%        5
 Lee's Rapid Deconstruct  Erth           1%         3d5*      100%        5
 Metabolic Englaciation   Hex/Ice        1%         N/A       100%        5
 Summon Forest            Summ/Tloc      1%         N/A       100%        5
 Summon Mana Viper        Hex/Summ       3%         N/A       100%        5
 Eringya's Noxious Bog    Tmut/Pois      5%         N/A       100%        6
 Iron Shot                Conj/Erth      1%         9d1       100%        6
 Simulacrum               Ice/Necr       1%         N/A       100%        6
 Starburst                Conj/Fire      1%         6d3       100%        6
 Discord                  Hex            1%         N/A       100%        8
 Necromutation            Tmut/Necr      5%         N/A       100%        8
 Animate Armour           Summ/Erth      Unusable   N/A       N/A         4

Dungeon Overview and Level Annotations

Branches:
Dungeon (14/15)            Temple (1/1) D:5            Lair (6/6) D:9
  Swamp (0/4) Lair:2        Snake (1/4) Lair:4        Slime (0/5) Lair:6
    Orc (2/2) D:9             Elf (0/3) Orc:2        Vaults (0/5) D:14
  Sewer (visited)

Altars:
Ashenzari
Cheibriados
Dithmenos
Elyvilon
Fedhas
Gozag
Hepliaklqana
Kikubaaqudgha
Makhleb
Nemelex Xobeh
Okawaru
Qazlal
Ru
Sif Muna
Trog
Uskayaw
Vehumet
Wu Jian
Xom
Yredelemnul
Zin
The Shining One
Jiyva

Shops:
Orc:2 ==[?

Portals:
Trove: D:12 (give +3 gold dragon scales)

Annotations:
D:3 3 runed translucent doors, exclusion: downstairs, Viceroy's ghost, amateur MfGl
D:6 exclusion: downstairs
D:10 exclusion: downstairs
D:11 exclusion: downstairs
Lair:2 3 runed translucent doors, corrupted
Orc:2 corrupted
Abyss:1 Josephine


Innate Abilities, Weirdness & Mutations

Your dull iron-grey scales are very hard. (AC +14)
You are amphibious.
You cannot fit into any form of body armour.
You are cold-blooded and may be slowed by cold attacks.
Your tail ends in a venomous barb.
You possess an exceptional clarity of mind.
[You often lose your temper in combat.]
[Your body often deteriorates upon taking damage.]
[You are very frail. (-20% HP)]
[You sometimes lose the ability to read scrolls when taking damage.]


Message History

* * * LOW HITPOINT WARNING * * *
You hit the wretched star.
You tail-slap the wretched star, but do no damage.
The wretched star is severely damaged.
The wretched star pulses with an eldritch light!
You feel yourself wasting away.
You feel your body start to fall apart.
You hit the wretched star but do no damage.
The wretched star is severely damaged.
You feel much better.
You closely miss the wretched star.
Your tail-slap misses the wretched star.
The wretched star is severely damaged.
The wretched star glows turbulently.
You block the lance of force.
You whack the wretched star!
The wretched star is almost destroyed.
The wretched star glows turbulently.
The lance of force hits you but does no damage.
You barely miss the wretched star.
The wretched star is almost destroyed.
You hit the wretched star.
The wretched star is almost destroyed.
The wretched star glows turbulently.
The lance of force hits you!
* * * LOW HITPOINT WARNING * * *
Your body deteriorates!
You feel dopey.
You are knocked back by the lance of force.
You slam into the rock wall!
* * * LOW HITPOINT WARNING * * *
Your body deteriorates!
You feel dopey.
You barely miss the wretched star.
You hear a chilling moan.
You tail-slap the wretched star.
You destroy the wretched star!
That felt strangely unrewarding.
Deactivating autopickup; reactivate with Ctrl-A.
You miss something. You block something's attack.
You whack something!
You feel better. Something hits you!!
You die...

#. . .. #
....# #.
...#
#....#..#
#....##
.# # .#
.##.##
##...
....#
#{#. . ..
.# #@#.
#.# ####
## .. # .


There were no monsters in sight!

Vanquished Creatures
  Rupert (D:13)
  The ghost of Dabor the Missionary, a journeyman HOFi of Beogh (D:13)
  2 boulder beetles
  13 hydras
  A vault guard (D:14)
  2 catoblepae
  2 anacondas (Snake:1)
  A two-headed ogre (D:12)
  A death knight (D:12)
  3 death yaks (Lair:6)
  A thrashing horror (Abyss:3)
  2 wretched stars (Abyss:3)
  A fire crab (Lair:5)
  3 skeletal warriors
  A flayed ghost (D:13)
  A naga ritualist (Snake:1)
  Pikel (D:6)
  2 phantasmal warriors (D:13)
  4 manticores
  A mana viper (Snake:1)
  A will-o-the-wisp (Abyss:3)
  6 cyclopes
  7 ugly things
  A salamander (Snake:1)
  5 black mambas
  An ice statue (Lair:3)
  12 cane toads
  3 smoke demons (Abyss:3)
  An unseen horror (D:13)
  An ice devil (Lair:3)
  A yaktaur (D:14)
  A gargoyle (D:13)
  4 freezing wraiths
  A rime drake (Lair:4)
  9 komodo dragons
  7 polar bears
  2 trolls
  6 slime creatures (D:14)
  Prince Ribbit (D:9)
  6 dream sheep
  A hornet (D:10)
  20 blink frogs
  A meliai zombie (D:10)
  3 flying skulls (Abyss:3)
  A ynoxinul (Abyss:3)
  3 wyverns
  59 yaks
  A shadow (D:12)
  11 wraiths
  A vampire (D:12)
  5 basilisks
  A fire bat (D:9)
  Eustachio (D:4)
  17 humans (D:14)
  4 wargs (Orc:1)
  A neqoxec (Abyss:3)
  A steam dragon (D:9)
  6 nagas
  8 water moccasins
  11 orc warriors
  7 ice beasts
  3 sky beasts
  3 ogres
  6 wolves
  4 centaurs
  2 phantoms
  2 kobold brigands
  14 bullfrogs
  A gnoll sergeant (D:10)
  2 necrophages (D:10)
  A water moccasin zombie (D:5)
  2 scorpions
  A wight (D:10)
  A water moccasin skeleton (D:5)
  6 howler monkeys
  2 gnoll shamans
  6 orc priests
  4 jellies
  A human zombie (D:10)
  6 centaur zombies
  4 hounds
  2 iguanas
  6 orc wizards
  A scorpion zombie (D:5)
  Ijyb (D:3)
  A killer bee zombie (D:7)
  2 mummies (D:10)
  A howler monkey zombie (D:4)
  14 gnolls
  9 adders
  9 river rats
  A shadow imp (D:4)
  A white imp (D:7)
  4 worms
  2 dart slugs (D:2)
  48 orcs
  11 endoplasms
  15 giant cockroaches
  14 goblins
  13 hobgoblins
  7 jackals
  15 kobolds
  8 quokkas
  11 ball pythons
  7 bats
  4 frilled lizards (Sewer)
  A quokka skeleton (D:4)
  25 rats
587 creatures vanquished.

Vanquished Creatures (collateral kills)
  A catoblepas (Lair:6)
  A wyvern (Lair:3)
2 creatures vanquished.

Vanquished Creatures (others)
  The ghost of Colgate the Fighter, a journeyman KoBr of Jiyva (Lair:2)
  An orc sorcerer (Orc:2)
  3 orc knights (Orc:2)
  A tengu conjurer (D:12)
  2 slime creatures (Lair:2)
  A warg (Orc:2)
  15 orc warriors (Orc:2)
  2 wolves (Orc:2)
  11 centaurs (Orc:2)
  A jelly (Lair:2)
  5 orc priests (Orc:2)
  5 orc wizards (Orc:2)
  18 orcs (Orc:2)
  10 foxfires (Abyss:3)
  26 fungi
  37 plants
  25 starspawn tentacles
164 creatures vanquished.

Grand Total: 753 creatures vanquished

Notes
Turn   | Place    | Note
-------+----------+-------------------------------------------
     0 | Abyss:1  | Lekart the Draconian Abyssal Knight began the quest for the
                  | Orb.
     0 | Abyss:1  | Reached XP level 1. HP: 19/19 MP: 2/2
     2 | Abyss:1  | Found a corrupted altar of Lugonu.
    18 | D:1      | Escaped the Abyss
   138 | D:1      | Reached XP level 2. HP: 21/26 MP: 3/3
   781 | D:2      | Reached XP level 3. HP: 33/33 MP: 4/4
  1074 | D:2      | Reached ** piety under Lugonu
  1314 | D:2      | Reached XP level 4. HP: 34/40 MP: 6/6
  1611 | D:2      | Found a faded altar of an unknown god.
  2392 | D:3      | Found a runed translucent gate.
  2392 | D:3      | Found a runed translucent gate.
  2392 | D:3      | Found a runed translucent gate.
  2392 | D:3      | Found an opulent altar of Gozag.
  2497 | D:3      | Noticed Viceroy's ghost (amateur MfGl)
  2577 | D:3      | Reached XP level 5. HP: 44/46 MP: 7/7
  2602 | D:3      | Noticed Ijyb
  2613 | D:3      | Killed Ijyb
  2618 | D:3      | Reached *** piety under Lugonu
  3035 | D:4      | Noticed Eustachio
  3061 | D:4      | Killed Eustachio
  3062 | D:4      | Reached XP level 6. HP: 30/53 MP: 8/8
  3279 | D:4      | Identified the +2 ring mail of Noch {rCorr}
  4168 | D:5      | Entered Level 5 of the Dungeon
  4174 | D:5      | Reached skill level 5 in Long Blades
  4255 | D:5      | Your scales start taking on a dull iron-grey colour.
  4255 | D:5      | Reached XP level 7. HP: 54/60 MP: 10/10
  4529 | D:5      | Reached **** piety under Lugonu
  4530 | D:5      | Reached skill level 5 in Fighting
  4772 | D:5      | Reached skill level 5 in Invocations
  4772 | D:5      | Reached XP level 8. HP: 50/68 MP: 11/11
  5258 | D:5      | Found a staircase to the Ecumenical Temple.
  5268 | Temple   | Entered the Ecumenical Temple
  5781 | D:6      | Learned a level 2 spell: Wereblood
  5829 | D:6      | Reached skill level 5 in Dodging
  5858 | D:6      | Reached skill level 1 in Transmutations
  6019 | D:6      | Reached ***** piety under Lugonu
  6020 | D:6      | Reached skill level 1 in Spellcasting
  6038 | D:6      | Found Zin's Purification Station.
  6043 | D:6      | Found a glowing silver altar of Zin.
  6046 | D:6      | Bought a potion of curing for 90 gold pieces
  6137 | D:6      | Found a glowing drain.
  6143 | Sewer    | Entered a sewer
  6182 | Sewer    | Reached XP level 9. HP: 75/75 MP: 13/13
  6375 | Sewer    | Found a shimmering altar of Xom.
  7448 | D:7      | Noticed Pikel
  7481 | D:6      | Killed Pikel
  7715 | D:7      | Found a glowing golden altar of the Shining One.
  7715 | D:7      | Found an iron altar of Okawaru.
  8084 | D:6      | Upgraded the game from 0.29-a0-23-ga79f92ac9c to
                  | 0.29-a0-25-g7f48f510a0
  8084 | D:6      | Upgraded the game from 0.29-a0-25-g7f48f510a0 to
                  | 0.29-a0-321-gf1c400731a
  8762 | D:8      | Reached skill level 1 in Maces & Flails
  8870 | D:8      | Reached XP level 10. HP: 38/84 MP: 15/15
  9753 | D:8      | Found a hazy altar of Hepliaklqana.
 10191 | D:8      | Gained mutation: Your spells are a little easier to cast,
                  | but a little less powerful. [potion of mutation]
 10194 | D:8      | Lost mutation: Your spells are a little easier to cast, but
                  | a little less powerful. [potion of mutation]
 10194 | D:8      | Gained mutation: You have a somewhat thin skeletal
                  | structure. (Dex +2, Stealth+) [potion of mutation]
 10194 | D:8      | Gained mutation: Your tail ends in a venomous barb. [potion
                  | of mutation]
 10798 | D:9      | Upgraded the game from 0.29-a0-321-gf1c400731a to
                  | 0.29-a0-322-g68df515428
 10852 | D:9      | Noticed Psyche
 10853 | D:9      | Noticed Psyche
 10853 | D:9      | Psyche changed into Psyche the naga
 10863 | D:9      | Killed Psyche the naga
 10996 | D:9      | Reached skill level 1 in Evocations
 11267 | D:9      | Found a hide-covered altar of Uskayaw.
 11318 | D:9      | Noticed Prince Ribbit
 11349 | D:9      | Killed Prince Ribbit
 11610 | D:9      | Found a staircase to the Lair.
 11914 | D:9      | Found a staircase to the Orcish Mines.
 12074 | D:10     | Entered Level 10 of the Dungeon
 12087 | D:10     | Reached skill level 5 in Maces & Flails
 12094 | D:10     | Lost mutation: You have a somewhat thin skeletal structure.
                  | (Dex +2, Stealth+) [potion of mutation]
 12094 | D:10     | Lost mutation: Your tail ends in a venomous barb. [potion
                  | of mutation]
 12094 | D:10     | Gained mutation: You possess an exceptional clarity of
                  | mind. [potion of mutation]
 12094 | D:10     | Gained mutation: Your tail ends in a venomous barb. [potion
                  | of mutation]
 12399 | D:9      | Reached XP level 11. HP: 85/92 MP: 17/17
 12565 | D:9      | Reached skill level 5 in Transmutations
 13016 | D:10     | Found an ancient bone altar of Kikubaaqudgha.
 13520 | D:10     | Reached skill level 5 in Spellcasting
 14211 | D:11     | Noticed a four-headed hydra
 14337 | D:11     | Killed a one-headed hydra
 14534 | D:11     | Noticed a seven-headed hydra
 14536 | D:11     | Noticed a boulder beetle
 14550 | D:11     | HP: 3/93 [boulder beetle (12)]
 15241 | D:10     | Killed a boulder beetle
 15502 | D:11     | Killed a three-headed hydra
 15956 | D:12     | Noticed a red ugly thing
 15971 | D:12     | Killed a red ugly thing
 15972 | D:12     | Reached XP level 12. HP: 101/101 MP: 20/20
 15994 | D:12     | Noticed a boulder beetle
 15994 | D:12     | Noticed a death knight
 16327 | Lair:1   | Entered Level 1 of the Lair of Beasts
 16687 | Lair:1   | Noticed a seven-headed hydra
 16706 | Lair:1   | Killed a one-headed hydra
 16742 | Lair:1   | Reached skill level 10 in Invocations
 18231 | Lair:1   | Learned a level 2 spell: Passwall
 18621 | Lair:2   | Noticed a five-headed hydra
 18626 | Lair:2   | Killed a five-headed hydra
 18636 | Lair:2   | Found a staircase to the Swamp.
 18873 | Lair:2   | Noticed a four-headed hydra
 19613 | Lair:2   | Killed a one-headed hydra
 19717 | Lair:2   | Found a runed translucent gate.
 19717 | Lair:2   | Found a runed translucent gate.
 19717 | Lair:2   | Found a runed translucent gate.
 19719 | Lair:2   | Noticed Colgate's ghost (journeyman KoBr)
 19723 | Lair:2   | Found a viscous altar of Jiyva.
 19814 | Lair:2   | Corrupted Lair:2
 19814 | Lair:2   | Noticed a tentacled starspawn
 19814 | Lair:2   | Noticed a tentacled starspawn
 19814 | Lair:2   | Noticed a starcursed mass
 19815 | Lair:2   | Noticed a tentacled starspawn
 19817 | Lair:2   | Killed Colgate's ghost
 20040 | Lair:2   | Identified the ring "Ixzo" {rF+ rC+ rN+ rCorr Int+4}
 20823 | Lair:3   | Reached XP level 13. HP: 109/110 MP: 20/22
 20946 | Lair:3   | Identified the +1 robe "Zabb" {rElec Int-4 Dex+3}
 20947 | Lair:3   | Identified the +4 rapier "Podip" {drain, rPois Dex+2}
 20949 | Lair:3   | Got the Guide on Transmigration
 21258 | Lair:3   | Reached skill level 1 in Shields
 21327 | Lair:3   | Reached skill level 2 in Shields
 21447 | Lair:4   | Reached skill level 3 in Shields
 21623 | Lair:4   | Reached skill level 4 in Shields
 21978 | Lair:3   | Reached skill level 5 in Shields
 22449 | Lair:4   | Found a staircase to the Snake Pit.
 22678 | Lair:5   | Reached skill level 6 in Shields
 22815 | Lair:5   | Noticed Josephine
 22823 | Lair:5   | Banished Josephine
 22871 | Lair:5   | Reached skill level 7 in Shields
 23914 | Lair:4   | Reached skill level 8 in Shields
 24649 | Lair:6   | Entered Level 6 of the Lair of Beasts
 24744 | Lair:6   | Reached skill level 9 in Shields
 25402 | Lair:6   | Found a viscous altar of Jiyva.
 25402 | Lair:6   | Found a staircase to the Slime Pits.
 25696 | Lair:5   | Reached skill level 10 in Shields
 26371 | Lair:6   | Reached XP level 14. HP: 107/118 MP: 20/24
 26591 | Lair:6   | Reached skill level 11 in Shields
 26788 | Snake:1  | Entered Level 1 of the Snake Pit
 26789 | Snake:1  | Upgraded the game from 0.29-a0-322-g68df515428 to
                  | 0.29-a0-334-gb41bcbb86e
 27530 | Snake:1  | Reached skill level 12 in Shields
 28052 | Orc:1    | Entered Level 1 of the Orcish Mines
 28649 | Orc:2    | Entered Level 2 of the Orcish Mines
 28655 | Orc:2    | Corrupted Orc:2
 28655 | Orc:2    | Noticed a tentacled starspawn
 28681 | Orc:2    | Noticed a hellephant
 28735 | Orc:2    | HP: 3/118 [tentacled starspawn[Lugonu's corruption] (19)]
 29362 | Orc:2    | Found Ephickach's Armour Boutique.
 29362 | Orc:2    | Found Gaosog's Jewellery Shoppe.
 29364 | Orc:2    | Found Mahobu's Jewellery Emporium.
 29365 | Orc:2    | Found Lohezis's Magic Scroll Shop.
 29370 | Orc:2    | Bought a scroll of enchant armour for 82 gold pieces
 29370 | Orc:2    | Bought a scroll of acquirement for 572 gold pieces
 29370 | Orc:2    | Bought a scroll of enchant weapon for 82 gold pieces
 29370 | Orc:2    | Bought a scroll of enchant armour for 82 gold pieces
 29370 | Orc:2    | Bought a scroll of teleportation for 33 gold pieces
 29389 | Orc:2    | Acquired the Papyrus of the Entrancing Blaze
 29499 | Orc:2    | Found a staircase to the Elven Halls.
 30314 | D:12     | Found a portal to a secret trove of treasure.
 31269 | D:13     | Noticed Rupert
 31275 | D:13     | Paralysed by Rupert for 2 turns
 31285 | D:13     | Killed Rupert
 31647 | D:13     | Found a runed translucent gate.
 31647 | D:13     | Found a runed translucent gate.
 31647 | D:13     | Found a runed translucent gate.
 31648 | D:13     | Noticed Dabor's ghost (journeyman HOFi)
 31800 | D:13     | Noticed a broodmother
 31801 | D:13     | Banished a broodmother
 31924 | D:13     | Reached skill level 10 in Maces & Flails
 31946 | D:13     | Killed Dabor's ghost
 31951 | D:13     | Identified the ring "Roishrucu" {rPois MP+9 EV+4 Str-5
                  | Dex+2}
 31954 | D:13     | Got Raemothru's Reference Book on Dislocation
 32123 | D:13     | Found a shimmering altar of Xom.
 33262 | D:14     | Reached XP level 15. HP: 126/126 MP: 25/25
 33546 | D:14     | Reached skill level 13 in Shields
 33999 | D:14     | Found a sacrificial altar of Ru.
 34210 | D:14     | Found a gate to the Vaults.
 34219 | D:14     | Cast into level 3 of the Abyss (a wizard)
 34220 | Abyss:3  | Found a corrupted altar of Lugonu.
 34277 | Abyss:3  | Noticed a tentacled starspawn
 34279 | Abyss:3  | Noticed a tentacled monstrosity
 34412 | Abyss:3  | Noticed a tentacled starspawn
 34481 | D:14     | Escaped the Abyss
 34510 | D:14     | Cast into level 3 of the Abyss (a wizard)
 34781 | Abyss:3  | HP: 5/100 [rock wall collision (4)]
 34788 | Abyss:3  | HP: 3/100 [rock wall collision (18)]
 34792 | Abyss:3  | Mangled by a lorocyproca

Illustrated notes

Levels and vault maps discovered:
D:1:      zelgadis_glass_arrival_small, layout_rooms,
          nicolae_concentric_dashed_squares_wild, serial_bayou_lake_a
D:2:      layout_loops_corners, shapermc_ecumenical_altar_venn,
          minmay_increasing_density
D:3:      kennysheep_the_goblin_king, layout_loops_cross, ebering_ghost_gozag,
          uniq_ijyb
D:4:      layout_loops_cross, kennysheep_small_square, uniq_eustachio
D:5:      lemuel_ratsnest, layout_loops_cross, temple_green,
          nicolae_figureground_pulse
D:6:      layout_loops_ring, zin_purify, gup_sewer_entry_bubbles,
          mrwooster_statue_mirror, dk_noncrumbling_4, kennysheep_minor_cross
D:7:      layout_cave_pools, jmf_multi_god_temple, enter_bailey_4, uniq_pikel
D:8:      layout_loops_ring, worldfamousw_hep_ancestral_shrine
D:9:      layout_basic, nicolae_uskayaw_dance_studio, lair_entry_dummy,
          orc_0_dummy, uniq_prince_ribbit1, uniq_psyche
D:10:     minmay_stone_box, layout_cave_pods,
          lemuel_mausoleum_altar_kikubaaqudgha
D:11:     layout_basic, item_on_display_a
D:12:     layout_roguey, enter_trove_1, minmay_microvault
D:13:     layout_basic, gammafunk_ghost_spectres, tgw_xom, uniq_rupert
D:14:     hellmonk_destroyed_diamonds, layout_loops_ring,
          grunt_vaults_entry_tiered, hangedman_ru_absence
Temple:   compressed_dpeg_circular_temple
Lair:1:   layout_concentric_octagons, grunt_megastairs_5
Lair:2:   layout_regular_city, skrybe_swamp_entry_bodies, gammafunk_ghost_ooze
Lair:3:   layout_regular_city, ice2_lemuel, lemuel_fruit_tree,
          grunt_megastairs_1
Lair:4:   layout_cave_shapes, guppyfry_snake_entry_island
Lair:5:   layout_regular_city, uniq_josephine
Lair:6:   evilmike_catoblepas_cave, layout_hall_layers, slime_altar_1
Snake:1:  layout_gridlike, nicolae_snake_slithery_hallway,
          nicolae_shop_clearance
Orc:1:    layout_diamond_mine
Orc:2:    st_orc_rangers, layout_caves, nicolae_volcano_entry_two_sided,
          mines5_lemuel
Abyss:3:  base: D:11, hangedman_cross_veins, nicolae_abyss_rune_star_stuff,
          evilmike_abyss_rune_siren_acolytes, kilobyte_mutagenic_chamber,
          evilmike_abyss_exit_chaos, evilmike_abyss_rune_tso_outpost,
          evilmike_abyss_rune_tso_outpost, minivault_23, base: D:5,
          hangedman_grunt_abyss_rune_horror_hoard

Skill      XL: |  1  2  3  4  5  6  7  8  9 10 11 12 13 14 15 |
---------------+----------------------------------------------+-----
Fighting       | 4 5 6 7 8 9 |  9.8
Long Blades    | 3 4 5 6 7 8 |  8.8
Invocations    | 3 4 5 6 8 9 11 12 | 12.7
Dodging        | 3 4 5 6 7 8 9 |  9.2
Transmutations | 1 3 4 5 7 |  7.4
Spellcasting   | 1 3 4 5 6 |  6.7
Maces & Flails | 1 5 7 9 10 | 10.6
Evocations     | 1 2 |  2.9
Shields        | 10 12 13 | 13.1
Throwing       | |  0.3

Action                   |  1- 3 |  4- 6 |  7- 9 | 10-12 | 13-15 || total
-------------------------+-------+-------+-------+-------+-------++-------
Melee: Falchion          |    85 |   199 |   423 |    82 |    45 ||   834
       Tailslap          |     8 |    24 |    69 |   201 |   341 ||   643
       Punch             |       |     4 |     8 |    16 |     1 ||    29
       Whip              |       |       |   121 |     5 |       ||   126
       Demon whip        |       |       |       |   950 |  1602 ||  2552
Throw: Javelin           |     9 |       |       |     3 |    12 ||    24
 Cast: Wereblood         |       |       |       |     1 |     2 ||     3
Invok: Banish            |       |       |     2 |    13 |    13 ||    28
       Bend Space        |       |       |     1 |    39 |     7 ||    47
       Corrupt           |       |       |       |     1 |     1 ||     2
       Depart the Abyss  |       |       |       |       |     1 ||     1
Evoke: Wand              |       |       |     7 |    33 |    24 ||    64
       Piece from Xom's  |       |       |       |    27 |    20 ||    47
       Tin of tremorston |       |       |       |     3 |     2 ||     5
       Phantom mirror    |       |       |       |       |     2 ||     2
  Use: Scroll            |     2 |     6 |     3 |     9 |    17 ||    37
       Potion            |       |     5 |     3 |     9 |    14 ||    31
 Stab: Sleeping          |     1 |     1 |     2 |     5 |     1 ||    10
       Invisible         |       |       |     7 |       |       ||     7
       Petrified         |       |       |       |    29 |     6 ||    35
       Confused          |       |       |       |     1 |       ||     1
       Paralysed         |       |       |       |     8 |    14 ||    22
Armor: Skin              |    29 |    48 |   353 |   394 |   490 ||  1314
Dodge: Dodged            |    70 |   132 |   473 |   733 |   745 ||  2153
Block: Tower shield      |       |       |       |       |  1734 ||  1734

Table legend: (Time is in decaauts)
 A = Elapsed time spent in this place.
 B = Non-inter-level travel time spent in this place.
 C = Inter-level travel time spent in this place.
 D = Time resting spent in this place.
 E = Time spent auto-exploring this place.
 F = Levels seen in this place.
 G = Mean time per level.
                   A        B        C        D        E       F      G
               +--------+--------+--------+--------+--------+-----+--------+
         Total |  34548 |  33175 |   1373 |  10219 |  15580 |  28 | 1233.9 |
       Dungeon |  19969 |  19109 |    860 |   5308 |  10043 |  14 | 1426.4 |
        Temple |    129 |     91 |     38 |      0 |     78 |   1 |  129.0 |
          Lair |  10478 |  10048 |    430 |   3467 |   4164 |   6 | 1746.3 |
     Snake Pit |   1106 |   1106 |      0 |    774 |      0 |   1 | 1106.0 |
  Orcish Mines |   1997 |   1954 |     43 |    520 |   1067 |   2 |  998.5 |
         Abyss |    531 |    531 |      0 |    150 |      8 |   3 |  177.0 |
         Sewer |    335 |    335 |      0 |      0 |    220 |   1 |  335.0 |
               +--------+--------+--------+--------+--------+-----+--------+

Top non-repeatable levels by time:
     D:9: 2503 daAuts
  Lair:1: 2472 daAuts
    D:10: 2383 daAuts
  Lair:5: 1880 daAuts
  Lair:3: 1825 daAuts
     D:6: 1821 daAuts
    D:13: 1730 daAuts
  Lair:6: 1554 daAuts
     D:8: 1501 daAuts
     D:2: 1443 daAuts
  Lair:2: 1394 daAuts
  Lair:4: 1351 daAuts
    D:14: 1278 daAuts
   Orc:1: 1201 daAuts
    D:11: 1194 daAuts
